 Dungeon Crawl Stone Soup version 0.14-a0-1330-g3eed206 (webtiles) character file.

117 PolkaDot the Cutter (level 3, -5/27 HPs)
             Began as a Vampire Death Knight on Dec 6, 2013.
             Was a Believer of Yredelemnul.
             Slain by Sigmund
             ... wielding a +0,+0 scythe
              (7 damage)
             ... on Level 2 of the Dungeon.
             The game lasted 00:04:06 (1274 turns).

PolkaDot the Cutter (Vampire Death Knight)          Turns: 1274, Time: 00:04:09

HP  -5/27        AC  6     Str 12      XL: 3   Next: 41%
MP   4/4         EV 11     Int 18      God: Yredelemnul [**....]
Gold 73          SH  0     Dex 14      Spells:  0 memorised,  2 levels left

rFire  . . .     SeeInvis +     a - +1 short sword
rCold  . . .     Clarity  .     b - +1 leather armour
rNeg   + . .     Conserve .     (no shield)
rPois  .         rCorr    .     (no helmet)
rElec  .         rRot     .     (no cloak)
SustAb . .       Spirit   .     (no gloves)
rMut   .         Warding  .     (no boots)
Saprov . . .     Stasis   .     f - amulet of faith
                                (no ring)
                                (no ring)

@: brilliant, slightly resistant to hostile enchantments, unstealthy
A: fangs 3, slimy green scales 1, see invisible, unbreathing
a: Bat Form, Animate Remains, Recall Undead Slaves, Injury Mirror, Renounce
Religion


You were on level 2 of the Dungeon.
You worshipped Yredelemnul.
Yredelemnul was pleased with you.
You were not thirsty.

You visited 1 branch of the dungeon, and saw 2 of its levels.

You collected 73 gold pieces.

Inventory:

Hand weapons
 a - a +1,+1 short sword (weapon)
Armour
 b - a +1 leather armour (worn)
Scrolls
 d - a scroll of remove curse {unknown}
 e - 2 scrolls of immolation {unknown}
 g - a scroll of identify {unknown}
 h - a scroll of curse weapon {unknown}
 i - a scroll of enchant weapon I {unknown}
 j - a scroll of noise {unknown}
 k - a scroll of magic mapping {unknown}
 l - a scroll of fear {unknown}
 m - a scroll of curse jewellery {unknown}
 o - a scroll of teleportation {unknown}
Jewellery
 f - an amulet of faith (around neck)


   Skills:
 - Level 1.7 Fighting
 * Level 2.9 Short Blades
 + Level 1.7 Armour
 * Level 2.1 Dodging
 - Level 2.4 Invocations


You had 2 spell levels left.
You didn't know any spells.

Dungeon Overview and Level Annotations

Branches:
Dungeon (2/16)

Altars:
Trog

Annotations:
D:2 Sigmund


Innate Abilities, Weirdness & Mutations

You have razor-sharp teeth.*
You have supernaturally acute eyesight.
You can survive without breathing.*
You are partially covered in slimy green scales (AC +2).*


Message History

Your bat zombie hits Sigmund.
You barely miss Sigmund.
Sigmund is lightly wounded.
Your bat zombie barely misses you.
Your bat zombie hits Sigmund.
Your bat zombie barely misses Sigmund.
Your bat zombie hits Sigmund but does no damage.
Sigmund hits you with a scythe!
* * * LOW HITPOINT WARNING * * *
Your bat zombie barely misses you.
Your bat zombie hits Sigmund but does no damage.
Drink which item? (? for menu, Esc to quit)
You feel clever all of a sudden.
It was a potion of brilliance.
Your bat zombie hits Sigmund but does no damage.
Your bat zombie hits you but does no damage.
Your bat zombie hits Sigmund.
Sigmund screams, "I am the angel of ZOT!!!"
Sigmund hits you with a scythe!
You die...
Yredelemnul claims you as an undead slave.

#####z# #..# #####.###
#.....# #..# #..<#.#
##.#### #..# #.###.# #.#
...# #.# #.# #.#
#..####.###.#
#z#.########.##........#
#.#..@.............#####
#.##########@##.####
#........zzz.@#.
#.##########z## ### ###


You could see Sigmund, a friendly giant newt zombie, 2 friendly bat zombies and
a friendly adder zombie.

Vanquished Creatures
  An adder (D:2)
  A giant gecko (D:1)
  3 goblins (D:1)
  2 hobgoblins (D:1)
  7 jackals (D:1)
  6 bats
  2 giant newts (D:1)
  2 kobolds (D:1)
  5 rats
29 creatures vanquished.

Vanquished Creatures (collateral kills)
  2 goblins (D:1)
  A giant newt (D:2)
3 creatures vanquished.

Grand Total: 32 creatures vanquished

Notes
Turn   | Place    | Note
--------------------------------------------------------------
     0 | D:1      | PolkaDot, the Vampire Death Knight, began the quest for the Orb.
     0 | D:1      | Reached XP level 1. HP: 16/16 MP: 1/1
   127 | D:1      | Gained mutation: You are partially covered in slimy green scales (AC +2). [potion of beneficial mutation]
   131 | D:1      | Reached skill level 1 in Armour
   137 | D:1      | Reached XP level 2. HP: 12/22 MP: 2/2
   484 | D:1      | Acquired Yredelemnul's second power
   666 | D:1      | Reached XP level 3. HP: 27/27 MP: 4/4
   869 | D:2      | Found a bloodstained altar of Trog.
  1259 | D:2      | Noticed Sigmund
  1274 | D:2      | Slain by Sigmund

Action                   || total
-------------------------++-------
Melee: Short sword       ||   123
Invok: Animate Remains   ||    11
  Use: Potion            ||     4
       Scroll            ||     1
 Stab: Distracted        ||     1
